Map: Вечная империя РВ

Players

ИИ 1 (новичок) - Winner!

  • Race: Zerg Zerg
  • Spawn Location: 1:00

Doll

  • Race: Zerg Zerg
  • Spawn Location: 7:00

VOD

Have the link to the VOD?

Description

Time

  • Played on: March 24, 2021, 5:06 a.m.
  • Length: 9:06
Show
View Real Time Build Order
Export as new Build Order

ИИ 1 (новичок) Zerg - Winner!

Build Orders: Hatch First 

Get SALT Encoding   

  12  0:01  Drone  
  13  0:12  Overlord  
  13  0:16  Drone  
  14  0:43  Hatchery  
  14  0:45  Drone  
  14  1:05  Spawning Pool  
  14  1:07  Extractor  
  14  1:08  Drone  
  13  1:16  Drone  
  14  1:21  Overlord  
  14  1:52  Zergling x2  
  14  1:53  Queen, Zergling x2  
  18  2:00  Roach Warren  
  17  2:06  Drone  
  18  2:10  Extractor  
  18  2:14  Drone  
  18  2:19  Zergling x2  
  19  2:24  Drone  
  20  2:31  Drone  
  21  2:38  Drone  
  22  2:46  Drone  
  23  2:53  Drone  
  24  3:00  Drone  
  25  3:07  Drone, Roach  
  28  3:13  Overlord  
  28  3:16  Drone  
  29  3:24  Drone  
  30  3:31  Drone  
  31  3:38  Drone  
  32  3:45  Drone  
  33  3:49  Overlord  
  33  3:52  Drone  
  33  3:55  Roach  
  36  3:57  Lair  
  36  4:00  Drone  
  32  4:18  Drone  
  32  4:23  Zergling x2  
  34  4:25  Drone  
  35  4:32  Drone  
  29  4:52  Zergling x2  
  29  4:54  Overseer  
  29  4:55  Queen  
  29  4:58  Drone  
  31  5:03  Overseer  
  31  5:06  Drone  
  32  5:08  Overlord  
  32  5:13  Hatchery, Drone  
  30  5:24  Drone  
  27  5:35  Zergling x2  
  27  5:45  Drone  
  28  5:56  Drone  
  29  6:03  Drone  
  30  6:10  Drone  
  31  6:18  Drone  
  32  6:23  Roach  
  32  6:25  Drone  
  35  6:32  Drone  
  36  6:39  Drone  
  37  6:46  Drone  
  38  6:53  Drone  
  39  7:00  Drone  
  39  7:01  Extractor  
  39  7:03  Overlord, Overseer  
  39  7:08  Drone  
  40  7:11  Roach  
  40  7:15  Drone  
  43  7:20  Extractor  
  43  7:22  Drone  
  43  7:29  Drone  
  44  7:36  Drone  
  45  7:43  Drone  
  46  7:50  Drone  
  47  7:58  Roach  
Show
View Real Time Build Order
Export as new Build Order

Doll Zerg 

Build Orders: Pool First 

Get SALT Encoding   

  12  0:01  Drone  
  13  0:12  Overlord  
  13  0:17  Drone  
  14  0:30  Drone  
  14  0:31  Drone  
  16  0:37  Extractor, Drone  
  16  0:49  Spawning Pool  
  15  0:51  Drone  
  16  1:01  Drone  
  17  1:09  Drone  
  18  1:20  Overlord  
  18  1:29  Drone  
  19  1:38  Roach Warren, Queen  
  20  1:42  Drone  
  21  1:50  Zergling x2  
  22  2:19  Roach x2  
  26  2:28  Roach  
  28  2:31  Hatchery  
  28  2:33  Overlord  
  29  2:44  Roach  
  29  2:54  Roach x2  
  29  2:55  Roach  
  35  2:59  Lair  
  35  3:04  Roach  
  37  3:16  Overlord  
  37  3:25  Drone, Extractor  
  37  3:35  Drone  
  38  3:46  Drone  
  38  3:49  Drone  
  38  3:54  Hatchery  
  38  3:56  Drone  
  38  3:59  Drone  
  40  4:06  Drone  
  40  4:08  Drone  
  42  4:15  Drone  
  42  4:16  Drone  
  44  4:18  Drone  
  44  4:21  Drone  
  46  4:29  Glial Reconstitution  
  44  4:33  Overlord  
  44  4:37  Drone  
  45  4:40  Drone  
  45  4:42  Drone  
  47  4:50  Drone x3  
  46  4:58  Roach  
  46  4:59  Roach  
  46  5:03  Drone  
  48  5:07  Drone x2  
  48  5:11  Drone  
  48  5:12  Spine Crawler  
  49  5:15  Queen  
  49  5:18  Drone  
  49  5:20  Zergling x2  
  53  5:22  Drone  
  53  5:27  Queen  
  56  5:30  Roach  
  56  5:33  Zergling x2  
  56  5:34  Zergling x2  
  56  5:36  Drone  
  56  5:37  Drone  
  56  5:39  Drone  
  56  5:42  Drone  
  60  5:43  Drone  
  60  5:47  Queen  
  63  5:55  Hydralisk Den  
  62  5:59  Evolution Chamber  
  62  6:00  Drone, Evolution Chamber  
  62  6:01  Evolution Chamber  
  62  6:02  Drone  
  62  6:03  Drone  
  62  6:05  Drone  
  62  6:06  Drone  
  62  6:09  Overlord  
  64  6:17  Drone, Overlord  
  64  6:18  Infestation Pit  
  64  6:27  Extractor  
  64  6:29  Hydralisk, Roach  
  64  6:30  Hydralisk x2  
  64  6:32  Hydralisk  
  71  6:36  Extractor, Hydralisk  
  71  6:38  Drone  
  71  6:39  Drone  
  76  6:40  Drone  
  76  6:42  Drone  
  76  6:43  Drone  
  76  6:45  Drone  
  76  6:46  Drone  
  81  6:53  Overlord  
  81  6:56  Overlord x2  
  81  6:59  Pneumatized Carapace  
  81  7:05  Drone, Baneling Nest  
  81  7:06  Drone  
  82  7:12  Hydralisk  
  82  7:13  Hydralisk  
  82  7:15  Hydralisk  
  88  7:17  Hydralisk  
  88  7:21  Hydralisk  
  92  7:23  Hydralisk  
  92  7:26  Drone  
  92  7:27  Drone  
  92  7:28  Drone  
  92  7:29  Drone  
  98  7:31  Drone  
  98  7:32  Drone  
  98  7:33  Drone  
  98  7:35  Drone  
  98  7:36  Drone  
  103  7:38  Drone  
  103  7:40  Overlord  
  103  7:42  Overlord  
  104  7:48  Hive  
  104  7:51  Drone  
  105  7:52  Drone  
  105  7:53  Overlord  
  105  7:57  Overseer x2  
  106  8:01  Infestor  
  106  8:02  Infestor x2  
  106  8:04  Zergling x2  
  113  8:06  Zergling x2  
  113  8:10  Drone x2  
  113  8:12  Drone  
  117  8:13  Drone  
  117  8:15  Queen  
  120  8:20  Drone  
Tags
 
Add a new tag
Caveats
  • Supply blocks, unpowered buildings, or Contaminate may cause inaccurate times.
  • Supply counts are checked every 10 seconds.